Map: Ley Lines

Players

DeltaBravo

  • Race: Terran Terran
  • League: Diamond
  • Spawn Location: 7:00

SubN - Winner!

  • Race: Zerg Zerg
  • League: Diamond
  • Spawn Location: 1:00

VOD

Have the link to the VOD?

Description

Time

  • Played on: July 30, 2025, 10:35 p.m.
  • Length: 6:21
Show
View Real Time Build Order
Export as new Build Order

DeltaBravo Terran 

Build Orders:  

Get SALT Encoding   

  12  0:00  SCV  
  13  0:12  SCV  
  14  0:20  Supply Depot  
  14  0:25  SCV  
  15  0:40  Supply Depot  
  15  0:42  SCV  
  16  0:54  Supply Depot, SCV  
  17  1:06  SCV  
  17  1:08  Supply Depot  
  18  1:22  SCV  
  18  1:28  Barracks  
  18  1:31  Supply Depot  
  18  1:34  SCV  
  18  1:36  Refinery  
  18  1:48  Barracks  
  18  1:51  Barracks  
  18  1:54  Refinery, SCV  
  18  1:59  Supply Depot  
  19  2:07  SCV  
  20  2:19  SCV  
  20  2:22  Barracks Tech Lab  
  21  2:31  SCV  
  22  2:37  Barracks Tech Lab  
  22  2:39  Barracks Reactor  
  22  2:41  Marauder, Supply Depot  
  24  2:46  SCV  
  25  2:56  Marauder  
  27  2:59  Orbital Command  
  27  3:06  Marauder  
  29  3:16  Marine x2  
  29  3:19  Stimpack  
  31  3:25  Marauder  
  33  3:32  Marauder  
  33  3:34  Concussive Shells  
  35  3:40  Marine x2  
  37  3:54  Marauder  
  39  3:56  Marauder  
  41  4:03  Supply Depot  
  41  4:05  Marine  
  41  4:06  Marine  
  43  4:17  Marauder  
  43  4:20  Marauder  
  47  4:24  Marine  
  47  4:25  Marine  
  49  4:39  SCV  
  50  4:51  Marauder  
  50  4:52  Marauder, Marine  
  55  5:12  Marauder, Marine x2, SCV  
  60  5:16  Marauder  
  62  5:22  Supply Depot  
  35  6:11  Command Center  
Show
View Real Time Build Order
Export as new Build Order

SubN Zerg - Winner!

Build Orders: Pool First 

Get SALT Encoding   

  12  0:00  Drone  
  13  0:12  Overlord  
  13  0:18  Drone  
  14  0:30  Drone x2  
  16  0:53  Extractor  
  16  0:54  Spawning Pool  
  14  1:28  Drone x3  
  17  1:46  Hatchery  
  16  1:49  Drone  
  16  1:50  Queen  
  19  1:56  Zergling x2  
  20  2:04  Metabolic Boost  
  20  2:09  Zergling x2  
  21  2:17  Drone  
  22  2:39  Overlord  
  22  2:40  Overlord  
  22  2:56  Queen  
  24  2:59  Drone x3, Queen  
  29  3:18  Drone x4  
  33  3:32  Spore Crawler  
  33  3:33  Spore Crawler  
  31  3:35  Spore Crawler x2  
  31  3:38  Overlord x2  
  29  3:55  Baneling Nest  
  30  4:07  Drone x2  
  30  4:09  Drone x5  
  37  4:19  Drone  
  37  4:22  Drone  
  39  4:25  Drone x3  
  42  4:32  Evolution Chamber, Queen  
  42  4:33  Queen  
  45  4:43  Overlord  
  45  4:47  Overlord  
  45  4:49  Overlord  
  45  4:57  Zergling x12  
  45  4:58  Zergling x2  
  51  5:04  Spine Crawler  
  51  5:05  Spine Crawler  
  49  5:08  Spine Crawler  
  48  5:14  Zergling x6  
  48  5:17  Baneling  
  48  5:18  Baneling x3  
  48  5:19  Baneling  
  51  5:30  Zergling x2  
  51  5:31  Zergling x10  
  44  5:52  Zergling x2  
  44  5:53  Zergling x12  
Tags
 
Matchup
TvZ
Opening
Pool First
Replay Pack
Multiplayer
Spawn Locations
Cross Positions
Add a new tag
Caveats
  • Supply blocks, unpowered buildings, or Contaminate may cause inaccurate times.
  • Supply counts are checked every 10 seconds.